 Dungeon Crawl Stone Soup version 0.28-a0-556-gab23d0e057 (webtiles) character file.

Game seed: 6165908485241413152

2282 miscthings the Cleaver (level 9, -4/75 HPs)
             Began as a Naga Fighter on Sept 28, 2021.
             Was an Initiate of Okawaru.
             Killed from afar by an acid dragon (20 damage)
             ... with a splash of acid
             ... on level 7 of the Dungeon.
             The game lasted 00:10:40 (9076 turns).

miscthings the Cleaver (Naga Fighter)               Turns: 9076, Time: 00:10:40

Health: -4/75      AC:  8    Str: 20    XL:     9   Next: 39%
Magic:  3/3        EV:  7    Int:  9    God:    Okawaru [......]
Gold:   150        SH:  4    Dex: 12    Spells: 8/8 levels left

rFire   . . .      SeeInvis +   p - +1 hand axe (antimagic)
rCold   . . .      Faith    .   c - +0 buckler
rNeg    . . .      Spirit   .   b - +0 scale mail
rPois   +          Reflect  .   (no helmet)
rElec   .          Harm     .   n - +0 cloak
rCorr   .          Rampage  .   m - +0 pair of gloves
Will    +....                   (no barding)
Stlth   ..........              (no amulet)
HPRegen 0.22/turn               (no ring)
MPRegen 0.08/turn               (no ring)

@: short of breath, studying Armour, very slow
A: AC +3, large, see invisible, deformed body, poison resistance, slowness 2,
spit poison 1, naga tail 1
a: Spit Poison, Renounce Religion


You were on level 7 of the Dungeon.
You worshipped Okawaru.
Okawaru was noncommittal.
You visited 2 branches of the dungeon, and saw 8 of its levels.

You collected 234 gold pieces.
You spent 84 gold pieces at shops.

Inventory:

Hand Weapons
 a - a +0 war axe
 p - a +1 antimagic hand axe (weapon)
Armour
 b - a +0 scale mail (worn)
 c - a +0 buckler (worn)
 m - a +0 pair of gloves (worn)
 n - a +0 cloak (worn)
Jewellery
 h - a +4 ring of evasion
 u - a ring of flight
 y - a ring of flight
 A - a +6 ring of strength
Wands
 z - a wand of iceblast (7)
Scrolls
 e - 3 scrolls of teleportation
 f - a scroll of magic mapping
 g - 4 scrolls of identify {@r1}
 j - a scroll of blinking
 k - 3 scrolls of enchant armour {unknown}
 l - a scroll of noise {unknown}
 v - 2 scrolls of fog
 w - 2 scrolls of vulnerability
 C - a scroll of fear
Potions
 d - 2 potions of might
 i - 2 potions of lignification
 o - 2 potions of resistance
 q - 2 potions of curing
 r - a potion of heal wounds
 s - 2 potions of brilliance {unknown}
 t - a potion of flight
 x - a potion of cancellation
 B - a potion of attraction {unknown}


   Skills:
 - Level 3.0 Fighting
 + Level 12.3 Axes
 - Level 2.4 Armour
 - Level 2.4 Shields


You had 8 spell levels left.
You didn't know any spells.
Your spell library contained the following spells:

 Spells                   Type           Power      Damage    Failure   Level
 Conjure Flame            Conj/Fire      0%         6-21      98%         3
 Gell's Gravitas          Tloc           0%         N/A       98%         3
 Ignite Poison            Fire/Tmut/Pois 0%         N/A       98%         3
 Teleport Other           Tloc           0%         N/A       98%         3
 Sticky Flame             Conj/Fire      0%         2d3       100%        4
 Dispersal                Tloc           0%         N/A       100%        6


Dungeon Overview and Level Annotations

Branches:
Dungeon (7/15)             Temple (1/1) D:5

Altars:
Dithmenos
Elyvilon
Nemelex Xobeh
Okawaru
Sif Muna
Trog
Wu Jian
The Shining One

Shops:
D:2 (   D:7 ?


Innate Abilities, Weirdness & Mutations

Your serpentine skin is tough. (AC +3)
You have supernaturally acute eyesight. (SInv)
Armour fits poorly on your strangely shaped body.
Your system is resistant to poisons. (rPois)
You cover ground very slowly.
You can spit poison.
You have a snake-like lower body.


Message History

The splash of poison hits the acid dragon.
The acid dragon is lightly wounded.
You block the acid dragon's attack. x2
You hit the acid dragon.
The acid dragon is lightly wounded.
The acid dragon spits acid at you. The splash of acid hits you!!
You hear a loud, deep croak!
You hit the acid dragon but do no damage.
The acid dragon is lightly wounded.
You hit the acid dragon.
The acid dragon is moderately wounded.
The acid dragon bites you! The acid dragon closely misses you.
You hit the acid dragon.
The acid dragon is moderately wounded.
The acid dragon bites you! You block the acid dragon's attack.
You hit the acid dragon.
The acid dragon is heavily wounded.
The acid dragon bites you!
The acid dragon claws you but does no damage.
You hit the acid dragon.
The acid dragon is severely wounded.
You have got your breath back.
Abil: Spit Poison
Press: ? - help, Q - select action, (/) - cycle Shift-Dir - straight line, f/p - acid dragon
Aim: an acid dragon (severely wounded, catching its breath)
The splash of poison misses the acid dragon.
The acid dragon bites you.
* * * LOW HITPOINT WARNING * * *
The acid dragon claws you.
* * * LOW HITPOINT WARNING * * *
You hit the acid dragon.
The acid dragon is almost dead.
The acid dragon closely misses you. The acid dragon claws you.
* * * LOW HITPOINT WARNING * * *
You closely miss the acid dragon.
The acid dragon is almost dead.
The acid dragon spits acid at you. The splash of acid hits you!!
You die...

#### ######### ..#
#.......# #.#
#.......#
#####.#######.......##
#..........##.........
#.###@####..........##
#D# ####.......# #.#
#.......# ..#
##.###### ..# #.# ...!
#+# .... .....


You could see an acid dragon (catching breath).

Vanquished Creatures
  Eustachio (D:6)
  Menkaure (D:5)
  2 water moccasins
  4 ogres
  2 centaurs
  A phantom (D:6)
  3 bullfrogs
  A scorpion (D:5)
  A water moccasin skeleton (D:5)
  A howler monkey (D:7)
  2 centaur zombies
  3 gnoll shamans
  3 orc priests
  4 hounds
  Jessica (D:3)
  A bullfrog skeleton (D:4)
  Terence (D:3)
  3 iguanas
  2 orc wizards
  Natasha (D:3)
  A hound skeleton (D:4)
  2 howler monkey zombies
  7 adders
  15 gnolls
  2 worms (D:4)
  A dart slug (D:5)
  10 orcs
  4 ball pythons
  9 bats
  5 endoplasms
  5 giant cockroaches
  7 goblins
  5 hobgoblins
  8 jackals
  5 kobolds
  2 quokkas (D:2)
  8 frilled lizards
  5 rats
139 creatures vanquished.

Notes
Turn   | Place    | Note
-------+----------+-------------------------------------------
     0 | D:1      | miscthings the Naga Fighter began the quest for the Orb.
     0 | D:1      | Reached XP level 1. HP: 21/21 MP: 1/1
   126 | D:1      | Reached XP level 2. HP: 12/28 MP: 2/2
   400 | D:1      | Reached skill level 3 in Axes
   622 | D:1      | Reached XP level 3. HP: 32/34 MP: 3/3
  1123 | D:2      | Reached skill level 4 in Axes
  1229 | D:2      | Found Saneq's Weapon Emporium.
  1322 | D:2      | Reached XP level 4. HP: 41/42 MP: 4/4
  2341 | D:3      | Noticed Jessica
  2345 | D:3      | Killed Jessica
  2346 | D:3      | Reached skill level 5 in Axes
  2346 | D:3      | Reached XP level 5. HP: 49/49 MP: 5/5
  2650 | D:3      | Noticed Natasha
  2656 | D:3      | Killed Natasha
  2674 | D:3      | Found a white marble altar of Elyvilon.
  2675 | D:3      | Found a shadowy altar of Dithmenos.
  2676 | D:3      | Found a shimmering blue altar of Sif Muna.
  2679 | D:3      | Found a glowing golden altar of the Shining One.
  2680 | D:3      | Found a bloodstained altar of Trog.
  2681 | D:3      | Found an ornate altar of the Wu Jian Council.
  2994 | D:3      | Found a sparkling altar of Nemelex Xobeh.
  3064 | D:3      | Noticed Terence
  3080 | D:3      | Killed Terence
  3357 | D:4      | Noticed an ogre
  3364 | D:4      | Killed an ogre
  3365 | D:4      | Reached skill level 6 in Axes
  3365 | D:4      | Reached XP level 6. HP: 40/56 MP: 2/6
  3796 | D:4      | Reached skill level 7 in Axes
  3985 | D:4      | Noticed a water moccasin
  4008 | D:4      | Killed a water moccasin
  4009 | D:4      | Reached XP level 7. HP: 10/62 MP: 2/7
  4378 | D:4      | Reached skill level 8 in Axes
  5373 | D:4      | Reached skill level 9 in Axes
  5373 | D:4      | Reached XP level 8. HP: 13/69 MP: 2/8
  5755 | D:5      | Entered Level 5 of the Dungeon
  6271 | D:5      | Reached skill level 10 in Axes
  6336 | D:5      | Noticed a yak
  6337 | D:5      | Noticed a vampire
  6400 | D:5      | Noticed Menkaure
  6414 | D:5      | Killed Menkaure
  6593 | D:5      | Found a staircase to the Ecumenical Temple.
  6612 | Temple   | Entered the Ecumenical Temple
  6622 | Temple   | Became a worshipper of Warmaster Okawaru
  6915 | D:5      | Identified a scroll of acquirement
  7141 | D:5      | Acquired a manual of Armour
  7159 | D:6      | Reached skill level 11 in Axes
  7345 | D:6      | Reached XP level 9. HP: 60/75 MP: 3/9
  8209 | D:6      | Noticed Eustachio
  8228 | D:6      | Killed Eustachio
  8229 | D:6      | Reached skill level 12 in Axes
  8840 | D:7      | Found Kafezom's Magic Scroll Boutique.
  8843 | D:7      | Bought a scroll of fear for 45 gold pieces
  8843 | D:7      | Bought a scroll of teleportation for 39 gold pieces
  9076 | D:7      | Killed from afar by an acid dragon

Illustrated notes

Levels and vault maps discovered:
D:1:      lightli_iron_boxes, layout_loops_cross, minmay_pentomino_q2
D:2:      layout_basic, serial_shops, nicolae_shop_stone, grunt_ministairs_15
D:3:      layout_loops_corners, mainiacjoe_overflow_six_doors_small, minitemple,
          uniq_terence, uniq_jessica, uniq_natasha
D:4:      kennysheep_big_flooded_room, layout_basic, kennysheep_donut,
          dk_noncrumbling_3, grunt_decor_arrowhead, st_stairs_8
D:5:      cheibrodos_helix_gallery, layout_gridville, minmay_temple_entry_ruins,
          minmay_misc_feat_roman, lightli_corner_chamber, uniq_menkaure
D:6:      layout_loops_corners, uniq_eustachio
D:7:      layout_loops_corners, gammafunk_temple_overflow_pools, serial_shops,
          shop
Temple:   dshaligram_water_room_temple

Skill      XL: |  1  2  3  4  5  6  7  8  9 |
---------------+----------------------------+-----
Axes           | 3 4 5 6 7 9 11 12 | 12.3
Fighting       | |  3.0
Armour         | |  2.4
Shields        | |  2.4

Action                   |  1- 3 |  4- 6 |  7- 9 || total
-------------------------+-------+-------+-------++-------
Melee: War axe           |   101 |    66 |       ||   167
       Hand axe          |       |    42 |   364 ||   406
 Abil: Spit Poison       |     1 |    16 |    38 ||    55
  Use: Potion            |       |       |     1 ||     1
       Scroll            |       |       |    11 ||    11
Armor: Scale mail        |    51 |    45 |   131 ||   227
       Skin              |       |       |     6 ||     6
Dodge: Dodged            |    42 |    40 |   101 ||   183
Block: Buckler           |    25 |    18 |    65 ||   108

Table legend: (Time is in decaauts)
 A = Elapsed time spent in this place.
 B = Non-inter-level travel time spent in this place.
 C = Inter-level travel time spent in this place.
 D = Time resting spent in this place.
 E = Time spent auto-exploring this place.
 F = Levels seen in this place.
 G = Mean time per level.
                   A        B        C        D        E       F      G
               +--------+--------+--------+--------+--------+-----+--------+
         Total |  10902 |  10697 |    205 |   3610 |   5669 |   8 | 1362.8 |
       Dungeon |  10883 |  10685 |    198 |   3610 |   5669 |   7 | 1554.7 |
        Temple |     19 |     12 |      7 |      0 |      0 |   1 |   19.0 |
               +--------+--------+--------+--------+--------+-----+--------+

Top non-repeatable levels by time:
     D:4: 2698 daAuts
     D:6: 1723 daAuts
     D:2: 1589 daAuts
     D:5: 1533 daAuts
     D:3: 1469 daAuts
     D:1: 1218 daAuts
     D:7: 649 daAuts
  Temple: 19 daAuts
